 Dungeon Crawl Stone Soup version 0.24.0-125-gc4c63601f3 (webtiles) character file.

Game seed: 4546960579246677863, levelgen mode: deterministic

82 Amplified the Grave Robber (level 4, -3/35 HPs)
             Began as a Ghoul Necromancer on Feb 29, 2020.
             Slain by a bullfrog skeleton (5 damage)
             ... on level 2 of the Dungeon.
             The game lasted 00:04:38 (1691 turns).

Amplified the Grave Robber (Ghoul Necromancer)      Turns: 1691, Time: 00:04:39

Health: -3/35      AC:  2    Str: 10 (12) XL:     4   Next: 43%
Magic:  5/6        EV: 12    Int: 14 (15) God:
Gold:   90         SH:  0    Dex:  8 (9)  Spells: 6/8 levels left

rFire    + . .     SeeInvis .   i - +0 hand axe
rCold    + + .     Gourm    .   (no shield)
rNeg     + + +     Faith    .   a - +0 robe
rPois    ∞         Spirit   .   (no helmet)
rElec    +         Reflect  .   (no cloak)
rCorr    +         Harm     .   (no gloves)
MR       .....                  (no boots)
Stlth    ++........             (no amulet)
HPRegen  0.00/turn              (no ring)
MPRegen  0.10/turn              (no ring)

@: brilliant, resistant, rotting
A: rotting body, claws 1, carnivore, cold resistance 1, negative energy
resistance 3, inhibited regeneration, torment resistance, unbreathing
a: no special abilities


You were on level 2 of the Dungeon.
You were not hungry.

You visited 1 branch of the dungeon, and saw 2 of its levels.

You collected 90 gold pieces.

Inventory:

Hand Weapons
 i - a +0 hand axe (weapon)
Missiles
 b - 15 poisoned darts (quivered)
Armour
 a - a +0 robe (worn)
 j - a +0 cloak
Jewellery
 k - a +2 ring of intelligence {unknown}
Scrolls
 f - a scroll of random uselessness
 n - a scroll of identify {unknown}
Potions
 c - a potion of resistance
Comestibles
 h - 2 rations


   Skills:
 * Level 1.0 Fighting
 * Level 0.2 Axes
 - Level 1.7 Dodging
 - Level 2.1 Stealth
 - Level 0.5 Unarmed Combat
 * Level 2.6 Spellcasting
 - Level 4.9 Necromancy


You had 6 spell levels left.
You knew the following spells:

 Your Spells              Type           Power        Failure   Level  Hunger
a - Pain                  Necr           ###.         1%          1    #......
b - Animate Skeleton      Necr           N/A          1%          1    #......

Your spell library contained the following spells:

 Spells                   Type           Power        Failure   Level  Hunger
 Vampiric Draining        Necr           ###.......   1%          3    ###....
 Regeneration             Chrm/Necr      ###.......   3%          3    ###....
 Animate Dead             Necr           N/A          3%          4    #####..


Dungeon Overview and Level Annotations

Branches:
Dungeon (2/15)

Altars:


Innate Abilities, Weirdness & Mutations

Your body is rotting away.
You thrive on raw meat.
You are immune to poison.
You have sharp fingernails.
You are carnivorous and can eat meat at any time.
Your flesh is cold resistant. (rC+)
You are immune to negative energy. (rN+++)
You do not regenerate when monsters are visible.
You are immune to unholy pain and torment.
You can survive without breathing.


Message History

You eat one of the 3 chunks of flesh.
This raw flesh tastes great!
The bullfrog skeleton hits you.
* * * LOW HITPOINT WARNING * * *
Eat one of 2 chunks of flesh? (ye/n/q)
You eat one of the 2 chunks of flesh.
This raw flesh tastes great!
The bullfrog skeleton hits you.
* * * LOW HITPOINT WARNING * * *
Eat a chunk of flesh? (ye/n/q)
You eat the chunk of flesh.
This raw flesh tastes great!
The bullfrog skeleton hits you.
* * * LOW HITPOINT WARNING * * *
The bullfrog skeleton barely misses you.
As you read the scroll labeled XEMIYLU USUSCH, it crumbles to dust.
You feel blessed for a moment.
It was a scroll of remove curse.
The bullfrog skeleton hits you.
* * * LOW HITPOINT WARNING * * *
As you read the scroll labeled JUKHITOECK, it crumbles to dust.
You experience a momentary feeling of inescapable doom!
It was a scroll of random uselessness.
The bullfrog skeleton hits you.
You die...

.# #.. .# #.# .. #.#
♣#♣#♣#♣#♣ #.#
#.......#######.#.#
♣.♣.♣.♣.♣.......#.# #.##
#........## #.#
#...(♣.♣.♣.♣.♣.#######.#
#..Z@...............#
......♣?♣.♣.♣.♣##########
..####.........#
#♣#♣#♣.♣#♣# #.# #.. #


You could see a bullfrog skeleton.

Vanquished Creatures
  4 adders (D:2)
  2 leopard geckos (D:2)
  2 ball pythons
  2 giant cockroaches (D:1)
  7 goblins
  3 hobgoblins
  5 jackals (D:1)
  5 bats
  A frilled lizard (D:1)
  6 kobolds
  6 rats
43 creatures vanquished.

Notes
Turn   | Place    | Note
-------+----------+-------------------------------------------
     0 | D:1      | Amplified the Ghoul Necromancer began the quest for the
                  | Orb.
     0 | D:1      | Reached XP level 1. HP: 14/14 MP: 2/2
   350 | D:1      | Reached XP level 2. HP: 7/20 MP: 0/3
   479 | D:1      | Learned a level 1 spell: Animate Skeleton
   636 | D:1      | Reached XP level 3. HP: 26/27 MP: 2/5
  1155 | D:2      | Reached XP level 4. HP: 34/34 MP: 4/6
  1653 | D:2      | Reached skill level 1 in Fighting
  1691 | D:2      | Slain by a bullfrog skeleton

Levels and vault maps discovered:
D:1:      psy_arrival_whirlpool, layout_loops_cross
D:2:      layout_loops_ring, serial_forest, infiniplex_forest_fountain,
          infiniplex_forest_lined_room_3, infiniplex_forest_lined_3,
          infiniplex_forest_clump_C, infiniplex_forest_lined_room_2,
          first_ration

Skill      XL: |  1  2  3  4 |
---------------+-------------+-----
Spellcasting   | 2 |  2.6
Fighting       | 1 |  1.0
Axes           | |  0.2
Dodging        | |  1.7
Stealth        | |  2.1
Unarmed Combat | |  0.5
Necromancy     | |  4.9

Action                   |  1- 3 |  4- 6 || total
-------------------------+-------+-------++-------
Melee: Unarmed           |    96 |       ||    96
       Hand axe          |       |    44 ||    44
Throw: Dart              |    11 |       ||    11
 Cast: Pain              |    37 |    12 ||    49
  Use: Potion            |     4 |     4 ||     8
       Scroll            |     1 |     2 ||     3
 Stab: Sleeping          |       |     1 ||     1
  Eat: Ration            |     1 |       ||     1
       Chunk             |    14 |     5 ||    19
Armor: Robe              |    29 |     7 ||    36
Dodge: Dodged            |   104 |    45 ||   149
